 Dungeon Crawl Stone Soup version 0.26-a0-812-g31a745ddcd (webtiles) character file.

Game seed: 11497646502373648227

56246 kae the Grappler (level 14, 0/122 HPs)
             Began as a Yellow Draconian Transmuter on Nov 24, 2020.
             Was a High Priest of Wu Jian.
             Killed from afar by Jorgrun (39 damage)
             ... with an iron shot
             ... while petrified by Jorgrun
             ... on level 12 of the Dungeon.
             The game lasted 00:19:21 (29069 turns).

kae the Grappler (Yellow Draconian Transmuter)     Turns: 29069, Time: 00:19:22

Health: 0/122      AC:  8    Str: 18    XL:     14   Next: 41%
Magic:  26/27      EV:  2    Int: 14    God:    Wu Jian [*****.]
Gold:   1348       SH:  0    Dex: 17    Spells: 18/31 levels left

rFire    . . .     SeeInvis .     - Unarmed
rCold    . . .     Faith    .   (shield currently unavailable)
rNeg     + + +     Spirit   .   (armour unavailable)
rPois    ∞         Reflect  +   (helmet restricted)
rElec    .         Harm     .   (no cloak)
rCorr    +         Rampage  .   (gloves currently unavailable)
MR       +....                  (no boots)
Stlth    ++........             m - amulet of reflection
HPRegen  0.30/turn              I - +6 ring of dexterity
MPRegen  0.20/turn              M - +4 ring of slaying

@: short of breath, blade hands, petrified
A: spit acid, unfitting armour, acidic bite, cold-blooded, acid resistance, AC
+8
a: Breathe Acid, End Transformation, Wall Jump, Serpent's Lash, Heavenly Storm,
Renounce Religion


You were on level 12 of the Dungeon.
You worshipped Wu Jian.
Wu Jian was extremely pleased with you.
You had blades for hands.
You visited 3 branches of the dungeon, and saw 19 of its levels.

You collected 1460 gold pieces.
You spent 112 gold pieces at shops.

Inventory:

Jewellery
 m - an amulet of reflection (around neck)
 q - an uncursed ring of positive energy
 A - an uncursed amulet of the acrobat
 B - the ring of Diciederesh {rElec MP+9 Str+5 Int+2}
   (You found it on level 11 of the Dungeon)

   [ring of magical power]

   It affects your strength (+5).
   It affects your intelligence (+2).
   It insulates you from electricity.
   It affects your magic capacity (+9).
 C - a +6 ring of strength
 F - an uncursed ring of wizardry
 I - a +6 ring of dexterity (left scythe-like blade)
 K - an uncursed amulet of faith
 M - a +4 ring of slaying (right scythe-like blade)
 N - an uncursed ring of fire {unknown}
 O - an uncursed ring of poison resistance {unknown}
 P - an uncursed ring of protection from cold {unknown}
Wands
 p - a wand of acid (16)
 t - a wand of paralysis (9)
 u - a wand of random effects (53)
 v - a wand of iceblast (20)
 x - a wand of digging (14)
 y - a wand of disintegration (18)
 H - a wand of flame (26)
Scrolls
 a - 10 scrolls of amnesia
 i - 10 scrolls of teleportation
 n - 2 scrolls of enchant weapon
 r - 8 scrolls of identify
 s - 2 scrolls of fear
 w - 7 scrolls of remove curse
 D - a scroll of fog
 E - a scroll of blinking
 J - 2 scrolls of enchant armour
 L - a scroll of torment
 Q - a scroll of summoning
Potions
 b - 6 potions of curing
 c - 4 potions of ambrosia
 d - 6 potions of lignification
 e - 2 potions of mutation
 f - 5 potions of might
 g - 2 potions of attraction
 h - 7 potions of haste
 j - 2 potions of magic
 k - 6 potions of heal wounds
 l - a potion of brilliance
 o - 2 potions of cancellation
 z - a potion of flight
 G - a potion of resistance


   Skills:
 + Level 10.7 Fighting
 + Level 9.3 Dodging
 * Level 13.6 Unarmed Combat
 + Level 9.3 Spellcasting
 * Level 13.4 Transmutations
 - Level 3.0 Poison Magic


You had 18 spell levels left.
You knew the following spells:

 Your Spells              Type           Power        Failure   Level
a - Beastly Appendage     Tmut           #####.       5%          1
b - Spider Form           Tmut/Pois      ####......   16%         3
c - Blade Hands           Tmut           #####.....   17%         5
d - Ice Form              Ice/Tmut       ####....     38%         4

Your spell library contained the following spells:

 Spells                   Type           Power        Failure   Level
 Wereblood                Tmut           #####...     6%          2
 Passwall                 Tmut/Erth      ####....     16%         2
 Petrify                  Tmut/Erth      ####....     38%         4
 Animate Skeleton         Necr           #.....       50%         1
 Apportation              Tloc           #.....       50%         1
 Corona                   Hex            #......      50%         1
 Freeze                   Ice            #...         50%         1
 Sandblast                Erth           #.....       50%         1
 Summon Small Mammal      Summ           #...         50%         1
 Call Imp                 Summ           #.......     58%         2
 Call Canine Familiar     Summ           #.......     77%         3
 Frozen Ramparts          Ice            #.....       77%         3
 Ozocubu's Armour         Ice            #.......     77%         3
 Stone Arrow              Conj/Erth      #.....       77%         3
 Summon Guardian Golem    Hex/Summ       #.......     77%         3
 Hailstorm                Conj/Ice       #.......     97%         4
 Summon Ice Beast         Ice/Summ       #.......     97%         4
 Summon Lightning Spire   Summ/Air       #.......     97%         4
 Lee's Rapid Deconstruct  Erth           #.........   100%        5


Dungeon Overview and Level Annotations

Branches:
Dungeon (12/15)            Temple (1/1) D:5            Lair (6/6) D:8
  Swamp (0/4) Lair:4       Shoals (0/4) Lair:4        Slime (0/5) Lair:6
    Orc (0/2) D:12

Altars:
Ashenzari
Cheibriados
Dithmenos
Elyvilon
Fedhas
Gozag
Hepliaklqana
Kikubaaqudgha
Makhleb
Nemelex Xobeh
Okawaru
Qazlal
Ru
Sif Muna
Trog
Uskayaw
Vehumet
Wu Jian
Xom
Yredelemnul
Zin
The Shining One
Beogh
Jiyva

Shops:
D:10 *   D:11 [

Annotations:
D:12 Jorgrun
Lair:4 3 runed translucent doors, Cakiepeg's ghost, journeyman DDGl


Innate Abilities, Weirdness & Mutations

You can spit globs of acid.
Your golden yellow scales are hard. (AC +8)
You cannot fit into any form of body armour.
You have acidic saliva.
You are cold-blooded and may be slowed by cold attacks.
You are resistant to acid. (rCorr)


Message History

The centaur shoots an arrow.
The arrow barely misses you. The centaur hits you.
Jorgrun points at you and mumbles some strange words.
The iron shot hits you!!!
The centaur hits you but does no damage.
Jorgrun says, "May tha earth consume ye!"
Jorgrun hits you but does no damage. The centaur hits you.
The centaur shouts!
Jorgrun hits you with a +0 vorpal quarterstaff!
The centaur hits you but does no damage.
Jorgrun hits you with a +0 vorpal quarterstaff!
The centaur hits you but does no damage.
The centaur unwields a +1 shortbow of freezing.
The centaur hits you.
The centaur wields a +0 shortbow.
The centaur shoots an arrow.
The arrow hits you.
The centaur hits you but does no damage.
The centaur unwields a +0 shortbow.
The centaur hits you. The centaur barely misses you.
Jorgrun gestures at you while chanting. The iron shot hits you!!!!
You die...

..... #...# ....) .....
#...# ..... ..... #...#
..... .....#########...#
.....
.................#######
.....
........................
.....
.......................#
.....
.....ccc.....<.........#
.....
.......@...............#
....
......gc.(............<#
....
.......................#
....
.......................#
....
........................
....
........................
####
##...............#######
#...............#
#...............#


You could see Jorgrun and 4 centaurs.

Vanquished Creatures
  Rupert (Lair:4)
  Gastronok (D:11)
  Snorg (Lair:6)
  4 hydras
  3 boulder beetles
  4 catoblepae
  7 death yaks
  3 two-headed ogres
  Urug (D:11)
  Nergalle (Lair:2)
  An unseen horror (D:10)
  Pikel (D:7)
  A bog body (Lair:4)
  A lindwurm (Lair:6)
  2 cyclopes
  2 manticores (Lair:6)
  2 centaur zombies
  Joseph (D:7)
  2 torpor snails
  Maggie (D:6)
  12 cane toads
  3 rime drakes
  10 komodo dragons
  A tengu conjurer (D:11)
  A polar bear (Lair:4)
  4 trolls
  16 blink frogs
  A shadow (D:12)
  66 yaks
  A water elemental (D:11)
  A vampire (D:11)
  4 wyverns
  A wraith (D:12)
  A basilisk (D:12)
  3 vampire mosquitoes (D:12)
  3 swamp worms (Lair:4)
  An acid dragon (D:12)
  Duvessa (D:5)
  10 orc warriors
  9 water moccasins
  2 ice beasts
  A black bear (D:7)
  2 necrophages
  3 phantoms
  9 ogres
  18 centaurs
  A big kobold (D:11)
  18 bullfrogs
  Dowan (D:5)
  2 wyvern skeletons
  2 water moccasin skeletons
  5 scorpions
  16 killer bees
  11 wights
  An electric eel (Lair:4)
  4 howler monkeys
  6 hounds
  2 jellies
  7 orc priests
  7 orc wizards
  4 bullfrog skeletons
  4 centaur skeletons
  3 iguanas
  9 worker ants
  2 hound skeletons
  A worker ant zombie (D:10)
  13 adders
  10 gnolls
  A howler monkey skeleton (D:10)
  2 shadow imps
  3 white imps
  2 ufetubi
  2 oozes (D:1)
  An adder skeleton (D:9)
  3 worms
  2 dart slugs (D:1)
  5 leopard geckos
  51 orcs
  5 giant cockroaches
  7 goblins
  6 hobgoblins
  9 jackals
  9 quokkas
  A ball python (D:2)
  4 bats (D:1)
  4 frilled lizards
  A jackal skeleton (D:6)
  10 kobolds
  A quokka skeleton (D:8)
  5 rats
487 creatures vanquished.

Vanquished Creatures (others)
  55 fungi
  93 plants
148 creatures vanquished.

Grand Total: 635 creatures vanquished

Notes
Turn   | Place    | Note
-------+----------+-------------------------------------------
     0 | D:1      | kae the Draconian Transmuter began the quest for the Orb.
     0 | D:1      | Reached XP level 1. HP: 16/16 MP: 3/3
   114 | D:1      | Reached XP level 2. HP: 16/23 MP: 3/5
   781 | D:1      | Reached XP level 3. HP: 20/29 MP: 4/6
   786 | D:1      | Learned a level 3 spell: Spider Form
  1287 | D:2      | Found a bloodstained altar of Trog.
  1559 | D:2      | Reached XP level 4. HP: 18/36 MP: 3/7
  2779 | D:3      | Reached XP level 5. HP: 25/41 MP: 2/8
  3479 | D:4      | Learned a level 5 spell: Blade Hands
  3536 | D:4      | Reached XP level 6. HP: 45/50 MP: 10/10
  3816 | D:4      | Reached skill level 1 in Poison Magic
  4248 | D:4      | Found a shadowy altar of Dithmenos.
  4864 | D:4      | Found an ancient bone altar of Kikubaaqudgha.
  4867 | D:4      | Found a hide-covered altar of Uskayaw.
  4868 | D:4      | Found a white marble altar of Elyvilon.
  4891 | D:4      | Found a sparkling altar of Nemelex Xobeh.
  4894 | D:4      | Found a sacrificial altar of Ru.
  5052 | D:5      | Entered Level 5 of the Dungeon
  5197 | D:5      | Noticed Duvessa
  5198 | D:5      | Your scales start taking on a golden yellow colour.
  5198 | D:5      | Reached XP level 7. HP: 57/57 MP: 8/11
  5198 | D:5      | Gained mutation: You are resistant to acid. (rCorr) [Yellow
                  | Draconian growth]
  5204 | D:5      | Noticed Dowan
  5212 | D:5      | Killed Duvessa
  5212 | D:5      | Reached skill level 5 in Unarmed Combat
  5222 | D:5      | Killed Dowan
  6024 | D:5      | Found a staircase to the Ecumenical Temple.
  6076 | D:5      | Reached skill level 5 in Transmutations
  6076 | D:5      | Reached XP level 8. HP: 63/66 MP: 9/13
  6220 | Temple   | Entered the Ecumenical Temple
  6371 | Temple   | Became a worshipper of the Wu Jian Council
  6638 | D:6      | Noticed Maggie
  6658 | D:6      | Killed Maggie
  7532 | D:6      | Reached * piety under Wu Jian
  7532 | D:6      | Reached XP level 9. HP: 17/72 MP: 15/15
  8159 | D:7      | Reached skill level 5 in Fighting
  8374 | D:6      | HP: 3/74 [poisoned by a killer bee]
  8382 | D:6      | HP: 3/74 [poisoned by a killer bee]
  8775 | D:7      | Noticed Pikel
  8786 | D:7      | Killed Pikel
  8866 | D:7      | Found a hazy altar of Hepliaklqana.
  9026 | D:7      | Reached skill level 5 in Spellcasting
  9136 | D:7      | Reached ** piety under Wu Jian
  9418 | D:7      | Noticed Joseph
  9563 | D:6      | Learned a level 4 spell: Ice Form
  9574 | D:7      | Killed Joseph
  9574 | D:7      | Reached skill level 5 in Dodging
  9872 | D:8      | Reached XP level 10. HP: 48/83 MP: 4/17
 11017 | D:8      | Found a staircase to the Lair.
 11481 | D:8      | Noticed a two-headed ogre
 11489 | D:8      | Killed a two-headed ogre
 11688 | D:9      | Found a hazy altar of Hepliaklqana.
 12913 | D:9      | Reached *** piety under Wu Jian
 13056 | D:10     | Entered Level 10 of the Dungeon
 13072 | D:10     | Found Cusag's Assorted Antiques.
 13121 | D:10     | Bought a scroll of identify for 56 gold pieces
 13121 | D:10     | Bought a scroll of identify for 56 gold pieces
 13144 | D:10     | Reached XP level 11. HP: 92/92 MP: 16/20
 13270 | D:10     | Killed an unseen horror
 14220 | D:10     | Reached skill level 10 in Unarmed Combat
 14257 | D:10     | Noticed a two-headed ogre
 14263 | D:10     | Killed a two-headed ogre
 14526 | D:11     | Got a crude platinum ring
 14568 | D:11     | Noticed Gastronok
 14615 | D:11     | Identified the ring of Diciederesh {rElec MP+9 Str+5 Int+2}
                  | (You found it on level 11 of the Dungeon)
 14663 | D:11     | Found Lewuheyl's Armour Shop.
 14696 | D:11     | Reached **** piety under Wu Jian
 14826 | D:11     | Reached skill level 10 in Transmutations
 15075 | D:11     | Noticed Urug
 15086 | D:11     | Killed Urug
 15925 | D:11     | Found the +3 robe of Clouds {+Thunder rCloud rElec}
 15934 | D:11     | Killed Gastronok
 15934 | D:11     | Reached XP level 12. HP: 83/102 MP: 22/22
 16007 | D:11     | Reached ***** piety under Wu Jian
 16990 | Lair:1   | Entered Level 1 of the Lair of Beasts
 18148 | Lair:2   | Noticed Nergalle
 18154 | Lair:2   | Killed Nergalle
 19774 | Lair:3   | Noticed a catoblepas
 19783 | Lair:3   | Killed a catoblepas
 20472 | Lair:4   | Found a runed translucent gate.
 20472 | Lair:4   | Found a runed translucent gate.
 20472 | Lair:4   | Found a runed translucent gate.
 20472 | Lair:4   | Noticed a seven-headed hydra
 20476 | Lair:4   | Noticed Cakiepeg's ghost (journeyman DDGl)
 20493 | Lair:4   | Noticed a six-headed hydra
 20497 | Lair:4   | Killed a nine-headed hydra
 21292 | Lair:4   | Reached XP level 13. HP: 33/111 MP: 25/25
 21952 | Lair:4   | Found a staircase to the Shoals.
 22054 | Lair:4   | Noticed Rupert
 22069 | Lair:4   | Paralysed by Rupert for 7 turns
 22376 | Lair:4   | Killed Rupert
 22786 | Lair:4   | Found a staircase to the Swamp.
 23691 | Lair:5   | You fall into a shaft and drop 1 floor!
 23691 | Lair:6   | Entered Level 6 of the Lair of Beasts
 23984 | Lair:6   | Noticed Snorg
 23991 | Lair:6   | Reached skill level 10 in Fighting
 24021 | Lair:6   | Killed Snorg
 24730 | Lair:6   | Found a viscous altar of Jiyva.
 24737 | Lair:6   | Found a staircase to the Slime Pits.
 25260 | Lair:6   | Gained mutation: You have acidic saliva. [Yellow Draconian
                  | growth]
 25260 | Lair:6   | Reached XP level 14. HP: 95/121 MP: 27/27
 27641 | D:12     | Found a staircase to the Orcish Mines.
 27675 | D:12     | Found a roughly hewn altar of Beogh.
 29057 | D:12     | Noticed Jorgrun
 29069 | D:12     | Killed from afar by Jorgrun

Illustrated notes

Levels and vault maps discovered:
D:1:      kennysheep_arrival_seaside, layout_basic
D:2:      layout_loops_cross, serial_aquarium, aquarium_bridge_square
          [aquarium_subvault_bridge, aquarium_subvault_wall,
          aquarium_subvault_wall, aquarium_subvault_wall],
          aquarium_window_corridor_3, aquarium_window_1, aquarium_window_1,
          aquarium_window_1, aquarium_view_2a, bloody_trog
D:3:      layout_rooms
D:4:      layout_loops_ring, minmay_overflow_temple_star_hex,
          minmay_misc_feat_chi, kennysheep_minor_cross,
          grunt_dithmenos_smoke_and_mirrors
D:5:      layout_cave_pods, minmay_temple_entry_hall, minmay_misc_feat_room,
          st_stairs_4, chequers_avenue, minmay_misc_feat_pillars, uniq_duvessa
D:6:      layout_rooms, grunt_ministairs_7, uniq_maggie
D:7:      layout_loops_cross, nicolae_overflow_crystal_walls,
          minmay_misc_feat_alley, uniq_joseph, uniq_pikel
D:8:      minmay_skewed_foursquare, layout_basic, grunt_lair_entry_orc_guard_hut
D:9:      layout_basic, basic_altar
D:10:     layout_basic, serial_shops, kennysheep_little_box
D:11:     minmay_inside_and_out, layout_layer_cave, serial_shops, shop,
          portal_ice_cave_rime, hive_lemuel, uniq_urug, uniq_gastronok
D:12:     layout_long_grid, minmay_orc_entry_temple_small, st_stairs_11,
          uniq_jorgrun
Temple:   eino_temple_scatter_basement
Lair:1:   layout_cave_pods
Lair:2:   layout_chaotic_city, uniq_nergalle
Lair:3:   layout_regular_city, grunt_megastairs_5
Lair:4:   layout_small_grid, nicolae_swamp_entry_splash_gauntlet,
          minmay_shoals_entry_centaurs, gammafunk_ghost_split,
          serial_bayou_lagoon_a, uniq_rupert
Lair:5:   layout_regular_city
Lair:6:   evilmike_catoblepas_cave, layout_cave_pods, slime_altar_1, uniq_snorg

Skill      XL: |  1  2  3  4  5  6  7  8  9 10 11 12 13 14 |
---------------+-------------------------------------------+-----
Dodging        | 2 3 4 5 6 7 8 9 |  9.3
Fighting       | 2 3 4 5 7 8 9 10 | 10.7
Transmutations | 3 4 5 6 7 9 10 11 13 | 13.4
Unarmed Combat | 4 5 6 8 9 10 11 13 | 13.6
Poison Magic   | 2 3 |  3.0
Spellcasting   | 3 4 5 6 7 8 9 |  9.3

Action                   |  1- 3 |  4- 6 |  7- 9 | 10-12 | 13-15 || total
-------------------------+-------+-------+-------+-------+-------++-------
Melee: Unarmed           |    92 |   190 |   311 |   502 |   299 ||  1394
       Kick              |    18 |    15 |     1 |     5 |       ||    39
       Tailslap          |     4 |    10 |     9 |    56 |    49 ||   128
       Headbutt          |     4 |     6 |       |     3 |       ||    13
       Punch             |     1 |       |     3 |    25 |    17 ||    46
       Bite              |       |       |       |       |    18 ||    18
 Cast: Beastly Appendage |    15 |    19 |     1 |     2 |       ||    37
       Spider Form       |     1 |     8 |    35 |       |       ||    44
       Blade Hands       |       |       |     2 |    67 |    50 ||   119
       Ice Form          |       |       |       |       |     2 ||     2
Invok: Lunge             |       |       |    13 |    41 |    24 ||    78
       Whirlwind         |       |       |       |    13 |    19 ||    32
 Abil: Breathe Acid      |       |       |     4 |    10 |     9 ||    23
  Use: Scroll            |       |     9 |    10 |     9 |     7 ||    35
       Potion            |       |       |     1 |     1 |       ||     2
 Stab: Sleeping          |       |     1 |       |       |     1 ||     2
       Petrified         |       |       |       |       |     1 ||     1
Armor: Skin              |    27 |    12 |    26 |    67 |    35 ||   167
Dodge: Dodged            |    64 |   113 |   223 |   228 |   147 ||   775
Block: Other             |       |    14 |    82 |   104 |    55 ||   255
       Reflection        |       |       |     3 |    13 |     4 ||    20

Table legend: (Time is in decaauts)
 A = Elapsed time spent in this place.
 B = Non-inter-level travel time spent in this place.
 C = Inter-level travel time spent in this place.
 D = Time resting spent in this place.
 E = Time spent auto-exploring this place.
 F = Levels seen in this place.
 G = Mean time per level.
                   A        B        C        D        E       F      G
               +--------+--------+--------+--------+--------+-----+--------+
         Total |  28905 |  27998 |    907 |   2245 |  22832 |  19 | 1521.3 |
       Dungeon |  18678 |  18109 |    569 |   1270 |  14663 |  12 | 1556.5 |
        Temple |    164 |    126 |     38 |      0 |    124 |   1 |  164.0 |
          Lair |  10061 |   9762 |    299 |    975 |   8045 |   6 | 1676.8 |
               +--------+--------+--------+--------+--------+-----+--------+

Top non-repeatable levels by time:
    D:11: 3169 daAuts
  Lair:6: 2474 daAuts
  Lair:4: 2471 daAuts
     D:6: 1959 daAuts
     D:8: 1913 daAuts
     D:4: 1680 daAuts
  Lair:3: 1541 daAuts
    D:10: 1505 daAuts
     D:9: 1400 daAuts
     D:7: 1396 daAuts
     D:2: 1351 daAuts
  Lair:5: 1323 daAuts
     D:1: 1250 daAuts
     D:5: 1179 daAuts
  Lair:1: 1158 daAuts
